 Dungeon Crawl Stone Soup version 0.29.1-12-g30fa7ad0bf (webtiles) character file.

Game seed: 1696581770657894891

993 mortz the Caller (level 7, -2/52 (57) HPs)
             Began as a Demigod Summoner on Jan 3, 2023.
             Slain by a wight
             ... wielding a +3 long sword
              (10 damage)
             ... on level 5 of the Dungeon.
             The game lasted 00:37:16 (6720 turns).

mortz the Caller (Demigod Summoner)                 Turns: 6720, Time: 00:37:16

HP:   -2/52 (57)    AC:  6    Str:  9    XL:     7   Next: 66%
MP:   11/15         EV: 12    Int: 25    God:
Gold: 232           SH:  0    Dex: 20    Spells: 4/13 levels left

rFire   . . .      SeeInvis .   a - +1 great sword
rCold   . . .      Faith    .   (shield currently unavailable)
rNeg    . . .      Spirit   .   y - +0 steam dragon scales
rPois   .          Reflect  .   n - +0 helmet
rElec   .          Harm     .   (no cloak)
rCorr   .          Rampage  .   (no gloves)
Will    .....                   (no boots)
Stlth   ++........              (no amulet)
HPRegen 0.17/turn               k - +6 ring of dexterity
MPRegen 0.14/turn               (no ring)

@: about to teleport, drained
A: high MP 1, forlorn, divine attributes
a: no special abilities


You were on level 5 of the Dungeon.
You visited 1 branch of the dungeon, and saw 6 of its levels.

You collected 232 gold pieces.

Inventory:

Hand Weapons
 a - a +1 great sword (weapon)
 b - a +0 sling
 u - a +0 trident
 w - a +1 vorpal hand axe
Missiles
 j - 39 stones
 v - 2 poisoned darts
Armour
 n - a +0 helmet (worn)
 y - +0 steam dragon scales (worn)
Jewellery
 k - a +6 ring of dexterity (left hand)
Scrolls
 q - 2 scrolls of magic mapping
Potions
 c - a potion of mutation {unknown}
 d - 2 potions of lignification
 e - a potion of cancellation {unknown}
 h - a potion of heal wounds {unknown}
 i - 3 potions of curing
 l - a potion of magic
 m - a potion of berserk rage {unknown}
 p - 3 potions of brilliance
 x - a potion of attraction {unknown}


   Skills:
 + Level 3.0 Fighting
 - Level 1.7 Dodging
 - Level 1.7 Stealth
 + Level 3.5 Spellcasting
 + Level 1.4 Hexes
 * Level 6.1 Summonings
 + Level 3.0 Transmutations
 + Level 2.7 Earth Magic


You had 4 spell levels left.
You knew the following spells:

 Your Spells              Type           Power      Damage    Failure   Level
a - Summon Small Mammal   Summ           100%       N/A       1%          1
c - Call Canine Familiar  Summ           35%        N/A       2%          3
g - Summon Guardian Gole  Hex/Summ       23%        N/A       6%          3
p - Passwall              Tmut/Erth      15%        N/A       4%          2

Your spell library contained the following spells:

 Spells                   Type           Power      Damage    Failure   Level
 Call Imp                 Summ           35%        N/A       1%          2
 Wereblood                Tmut           19%        N/A       4%          2
 Ensorcelled Hibernation  Hex/Ice        16%        N/A       11%         2
 Sublimation of Blood     Necr           4%         N/A       14%         2
 Spider Form              Tmut/Pois      11%        N/A       16%         3
 Portal Projectile        Hex/Tloc       16%        N/A       22%         3
 Summon Lightning Spire   Summ/Air       19%        N/A       26%         4
 Swiftness                Air            4%         N/A       28%         3
 Leda's Liquefaction      Hex/Erth       7%         N/A       36%         4
 Anguish                  Hex/Necr       4%         N/A       56%         4
 Summon Forest            Summ/Tloc      9%         N/A       58%         5
 Eringya's Noxious Bog    Tmut/Pois      5%         N/A       100%        6
 Summon Hydra             Summ           17%        N/A       100%        7


Dungeon Overview and Level Annotations

Branches:
Dungeon (6/15) Zot: 25952  Temple (0/1) D:5

Annotations:
D:5 2 transporters, ctx's ghost, novice GnEE


Innate Abilities, Weirdness & Mutations

You have an increased reservoir of magic. (+10% MP)
You shall have no god before yourself.
Your divine heritage dramatically boosts your attributes as you level up.


Message History

You feel very sick.
There is a stone staircase leading down here.
You feel sick. The centaur completely misses you.
The centaur barely misses you. The scorpion closely misses you.
The wight hits you with a +3 long sword!
You feel drained.
Casting: Call Canine Familiar (dangerous; 2% risk of failure)
Confirm with . or Enter, or press ? or * to list all spells.
You feel sick. The centaur hits you.
Your hound closely misses the scorpion.
The centaur closely misses you. x2
The wight hits you with a +3 long sword.
You feel drained. The scorpion stings you.
You slash the wight!
The wight is almost destroyed.
You feel sick.
Your hound bites the scorpion.
The centaur hits you.
* * * LOW HITPOINT WARNING * * *
The centaur kicks you.
* * * LOW HITPOINT WARNING * * *
Your hound bites the scorpion but does no damage.
Your quokka bites the centaur.
The wight closely misses you. The centaur misses you.
The centaur closely misses you.
Your hound bites the scorpion but does no damage.
The wight closely misses you.
Your quokka bites the centaur but does no damage.
As you read the scroll of teleportation, it crumbles to dust.
You feel strangely unstable.
You feel sick. The centaur closely misses you.
Your hound bites the scorpion.
The centaur hits you.
* * * LOW HITPOINT WARNING * * *
The centaur barely misses you. The scorpion closely misses you.
Your quokka bites the centaur but does no damage.
The wight barely misses you.
You barely miss the wight.
The wight is almost destroyed.
You feel sick.
You are no longer poisoned.
Your hound bites the scorpion.
The centaur closely misses you. x2
Your quokka closely misses the centaur.
Your hound closely misses the scorpion.
The centaur barely misses you.
The wight hits you with a +3 long sword!
You die...

.# #...# ######.# #.#
.######...###...##.#
#.#
..........##.....#.#
#.#
#######..##........#
#.#
#............######.#
##.#.....)..........#
#.#.........########
#.##...rc.z<#
#.###...s@#.#
#.####.h.##.#
#...........#
#############


You could see a centaur (ally target), a scorpion (ally target), a wight, a
friendly hound (summoned) and a friendly quokka (summoned).

Vanquished Creatures
  A steam dragon (D:5)
  2 necrophages (D:5)
  2 wights (D:6)
  Jessica (D:2)
  3 adders
  2 orcs
  A giant cockroach (D:3)
  3 goblins
  2 hobgoblins
  2 jackals
  A quokka (D:2)
  A frilled lizard (D:1)
  A kobold (D:1)
22 creatures vanquished.

Vanquished Creatures (collateral kills)
  A phantom (D:5)
  2 scorpions (D:5)
  2 wights (D:6)
  A howler monkey (D:5)
  A jelly (D:4)
  2 iguanas
  An orc wizard (D:5)
  5 adders
  An ufetubus (D:4)
  6 dart slugs
  8 orcs
  2 bats
  5 endoplasms
  3 giant cockroaches
  3 goblins
  7 hobgoblins
  4 jackals
  3 kobolds
  3 quokkas
  6 ball pythons
  3 frilled lizards
  6 rats
75 creatures vanquished.

Vanquished Creatures (others)
  A bullfrog (D:6)
1 creature vanquished.

Grand Total: 98 creatures vanquished

Notes
Turn   | Place    | Note
-------+----------+-------------------------------------------
     0 | D:1      | mortz the Demigod Summoner began the quest for the Orb.
     0 | D:1      | Reached XP level 1. HP: 14/14 MP: 5/5
   541 | D:1      | Reached XP level 2. HP: 14/22 MP: 5/7
   743 | D:1      | Learned a level 2 spell: Passwall
   828 | D:1      | Reached skill level 4 in Summonings
  1555 | D:2      | Noticed Jessica
  1565 | D:2      | Killed Jessica
  1566 | D:2      | Reached skill level 1 in Fighting
  1566 | D:2      | Reached XP level 3. HP: 22/28 MP: 4/8
  2388 | D:2      | Reached XP level 4. HP: 35/35 MP: 8/10
  2393 | D:2      | Learned a level 3 spell: Call Canine Familiar
  2763 | D:3      | Reached skill level 1 in Transmutations
  3345 | D:3      | Reached skill level 1 in Earth Magic
  4085 | D:4      | Reached XP level 5. HP: 40/40 MP: 7/11
  4614 | D:5      | Entered Level 5 of the Dungeon
  4656 | D:5      | Reached skill level 5 in Summonings
  4705 | D:5      | Reached XP level 6. HP: 44/48 MP: 7/13
  5230 | D:5      | Found a staircase to the Ecumenical Temple.
  5252 | D:5      | Found a transporter.
  5255 | D:5      | Noticed ctx's ghost (novice GnEE)
  5256 | D:5      | Found a transporter.
  5689 | D:5      | Learned a level 3 spell: Summon Guardian Golem
  5771 | D:6      | Noticed a steam dragon
  5780 | D:5      | Reached XP level 7. HP: 11/56 MP: 8/14
  6325 | D:6      | Reached skill level 1 in Hexes
  6337 | D:6      | Reached skill level 6 in Summonings
  6659 | D:5      | Killed a steam dragon
  6720 | D:5      | Slain by a wight

Illustrated notes

Levels and vault maps discovered:
D:1:      spicycebolla_arrival_clurvy, layout_loops_ring,
          shapermc_ecumenical_altar_hornbeckon, roderic_serpentine_path,
          minivault_23
D:2:      layout_basic, basic_altar, serial_bayou_lake_a, uniq_jessica
D:3:      layout_loops_corners, nicolae_sif_muna_condensation,
          mainiacjoe_overflow_cross_hatched, kennysheep_path_1
D:4:      layout_basic, chequers_temple_overflow_minitemple
D:5:      layout_loops_ring, temple_pool_b, gammafunk_ghost_smash
D:6:      layout_loops_cross, serial_shops, shop, st_stairs_14,
          pf_guarded_unrand_delatra

Skill      XL: |  1  2  3  4  5  6  7 |
---------------+----------------------+-----
Spellcasting   | 2 3 |  3.5
Summonings     | 4 5 6 |  6.1
Fighting       | 1 2 3 |  3.0
Transmutations | 1 2 3 |  3.0
Earth Magic    | 1 2 |  2.7
Hexes          | 1 |  1.4
Dodging        | |  1.7
Stealth        | |  1.7

Action                   |  1- 3 |  4- 6 |  7- 9 || total
-------------------------+-------+-------+-------++-------
Melee: Hand axe          |    27 |    23 |       ||    50
       Unarmed           |     3 |       |       ||     3
       Great sword       |       |    14 |    11 ||    25
 Fire: Sling             |     1 |       |       ||     1
 Cast: Summon Small Mamm |    56 |    31 |     9 ||    96
       Call Canine Famil |       |    33 |     9 ||    42
  Use: Scroll            |       |    13 |     2 ||    15
 Stab: Distracted        |     1 |       |       ||     1
Armor: Robe              |     8 |     7 |     6 ||    21
       Steam dragon scal |       |       |     7 ||     7
Dodge: Dodged            |    29 |    21 |    37 ||    87
